 Dungeon Crawl Stone Soup version 0.27.1-1-g398f81649c (webtiles) character file.

Game seed: 8907838850313573746

1413 karkarkar the Cleaver (level 8, 0/64 HPs)
             Began as a Minotaur Berserker on Sept 10, 2021.
             Was a Believer of Trog.
             Slain by a killer bee (8 damage)
             ... on level 5 of the Dungeon.
             The game lasted 00:07:59 (5436 turns).

karkarkar the Cleaver (Minotaur Berserker)          Turns: 5436, Time: 00:08:00

Health: 0/64       AC: 12    Str: 23    XL:     8   Next: 43%
Magic:  7/7        EV:  7    Int: 10    God:    Trog [**....]
Gold:   252        SH:  0    Dex: 17    Spells: 7/7 levels left

rFire    . . .     SeeInvis .   a - +0 hand axe
rCold    . . .     Faith    .   (no shield)
rNeg     . . .     Spirit   .   o - +0 plate armour
rPois    .         Reflect  .   (helmet restricted)
rElec    .         Harm     .   (no cloak)
rCorr    .         Rampage  .   s - +0 pair of gloves
Will     ++...                  (no boots)
Stlth    ..........             (no amulet)
HPRegen  1.20/turn              r - +6 ring of dexterity
MPRegen  0.10/turn              v - +6 ring of intelligence

@: lethally poisoned (0 -> 0), strong-willed (expiring), regenerating (expiring)
A: horns 2, retaliatory headbutt
a: Renounce Religion, Berserk, Trog's Hand


You were on level 5 of the Dungeon.
You worshipped Trog.
Trog was pleased with you.
You visited 1 branch of the dungeon, and saw 5 of its levels.

You collected 252 gold pieces.

Inventory:

Hand Weapons
 a - a +0 hand axe (weapon)
Missiles
 t - 8 poisoned darts
Armour
 o - a +0 plate armour (worn)
 s - a +0 pair of gloves (worn)
Jewellery
 r - a +6 ring of dexterity (left hand)
 v - a +6 ring of intelligence (right hand)
Wands
 l - a wand of paralysis (4)
Scrolls
 b - a scroll of amnesia {unknown}
 c - a scroll of torment {unknown}
 g - a scroll of blinking
 i - a scroll of immolation {unknown}
 j - 2 scrolls of enchant armour
 k - 2 scrolls of teleportation
 m - a scroll of noise {unknown}
 p - a scroll of silence {unknown}
 q - a scroll of acquirement {unknown}
Potions
 d - 2 potions of heal wounds {unknown}
 e - 4 potions of curing
 f - a potion of brilliance {unknown}
 h - a potion of haste
 n - 2 potions of might {unknown}
 u - a potion of lignification {unknown}


   Skills:
 - Level 3.6 Fighting
 + Level 12.2 Axes
 - Level 2.4 Armour
 - Level 2.1 Dodging
 + Level 2.3 Stealth


You had 7 spell levels left.
You didn't know any spells.
Your spell library was empty.

Dungeon Overview and Level Annotations

Branches:
Dungeon (5/15)             Temple (0/1) D:4

Altars:
Fedhas
Zin


Innate Abilities, Weirdness & Mutations

You have a pair of horns on your head.
You reflexively headbutt those who attack you in melee.


Message History

Trog accepts your kill.
You miss the killer bee.
You feel sick.
The killer bee stings you but does no damage.
Your Axes skill increases to level 12!
You barely miss the killer bee.
Your plate armour prevents you from hitting the killer bee.
The killer bee barely misses you.
The killer bee stings you but does no damage. x2
You slash the killer bee!
The killer bee is severely wounded.
You hit the killer bee but do no damage.
You feel sick.
The killer bee stings you but does no damage. x2
The killer bee stings you.
* * * LOW HITPOINT WARNING * * *
You are more poisoned.
The killer bee poisons you!
You closely miss the killer bee.
The killer bee is severely wounded.
You barely miss the killer bee.
You feel sick. The killer bee stings you.
* * * LOW HITPOINT WARNING * * *
You are more poisoned.
The killer bee poisons you! The killer bee barely misses you.
You furiously retaliate!
You headbutt the killer bee!
You kill the killer bee!
Trog accepts your kill.
The killer bee stings you but does no damage.
You feel very sick.
The killer bee stings you but does no damage.
Things that are here:
a killer bee corpse; a killer bee corpse Your plate armour prevents you from hitting the killer bee.
You feel sick.
The killer bee stings you but does no damage.
You feel sick.
The killer bee stings you but does no damage.
You feel sick.
You feel the effects of Trog's Hand fading.
You feel sick. The killer bee stings you!
You die...

##.# ####.#.....## ##.#
#.##...## ##.# ##.######
##.# #...# ...# #...#
#######.# .### #.).#
#.5†5...#
#.######...######†####......
.###...........##y#### .#.#.
.)).............@y...# 5.
.###...........##.##..# .#
.# #####...######.# .# ..
.## #...# #.. .# . ..# #...#
###. # #.# #...# #. #.#
##.## ## #.# #.# #.# #.#
#####


You could see 2 killer bees and a shadow imp.

Vanquished Creatures
  Grinder (D:5)
  Menkaure (D:5)
  An ogre (D:3)
  A black bear (D:5)
  A centaur (D:4)
  A gnoll sergeant (D:5)
  2 scorpions (D:5)
  A water moccasin skeleton (D:5)
  4 killer bees (D:5)
  A bullfrog zombie (D:5)
  A centaur skeleton (D:4)
  2 hounds (D:5)
  An iguana (D:3)
  A bullfrog skeleton (D:5)
  Jessica (D:2)
  An orc wizard (D:3)
  5 gnolls (D:5)
  7 adders
  A white imp (D:5)
  5 dart slugs
  5 orcs (D:3)
  5 ball pythons
  8 endoplasms
  9 giant cockroaches
  6 goblins
  11 hobgoblins
  A quokka (D:1)
  3 bats
  4 frilled lizards
  5 kobolds
  3 rats
99 creatures vanquished.

Vanquished Creatures (others)
  2 fungi (D:3)
  4 plants (D:3)
6 creatures vanquished.

Grand Total: 105 creatures vanquished

Notes
Turn   | Place    | Note
-------+----------+-------------------------------------------
     0 | D:1      | karkarkar the Minotaur Berserker began the quest for the
                  | Orb.
     0 | D:1      | Reached XP level 1. HP: 19/19 MP: 0/0
   277 | D:1      | Reached skill level 4 in Axes
   470 | D:1      | Reached XP level 2. HP: 26/26 MP: 1/1
   475 | D:1      | Found a faded altar of an unknown god.
  1190 | D:1      | Reached skill level 5 in Axes
  1261 | D:1      | Reached XP level 3. HP: 28/31 MP: 2/2
  1945 | D:2      | Reached ** piety under Trog
  1946 | D:2      | Found a glowing silver altar of Zin.
  1948 | D:2      | Noticed Jessica
  1958 | D:2      | Killed Jessica
  1959 | D:2      | Reached skill level 6 in Axes
  1959 | D:2      | Reached XP level 4. HP: 37/39 MP: 3/3
  2477 | D:3      | Found a blossoming altar of Fedhas.
  2592 | D:3      | Reached skill level 7 in Axes
  2592 | D:3      | Reached XP level 5. HP: 40/45 MP: 4/4
  2752 | D:3      | Noticed an ogre
  2773 | D:3      | Killed an ogre
  2774 | D:3      | Reached skill level 1 in Stealth
  3105 | D:3      | Reached XP level 6. HP: 51/51 MP: 5/5
  3119 | D:3      | Reached skill level 8 in Axes
  3883 | D:4      | Found a staircase to the Ecumenical Temple.
  4092 | D:5      | Entered Level 5 of the Dungeon
  4097 | D:5      | Reached skill level 9 in Axes
  4105 | D:5      | Noticed Menkaure
  4173 | D:5      | Reached XP level 7. HP: 46/57 MP: 6/6
  4412 | D:5      | Reached skill level 10 in Axes
  4485 | D:5      | Identified the +4 dagger of Gozag {pain, rPois rN+ SInv}
  4559 | D:5      | Reached *** piety under Trog
  4840 | D:5      | Killed Menkaure
  4841 | D:5      | Reached skill level 11 in Axes
  4841 | D:5      | Reached XP level 8. HP: 20/64 MP: 7/7
  4994 | D:5      | Noticed Grinder
  5019 | D:5      | Killed Grinder
  5429 | D:5      | Reached skill level 12 in Axes
  5436 | D:5      | Slain by a killer bee

Illustrated notes

Levels and vault maps discovered:
D:1:      nzn_arrival_crosshair, layout_loops_corners,
          shapermc_ecumenical_altar_totnotflames
D:2:      layout_rooms, serial_rivers, chequers_serial_rivers_room_a,
          chequers_serial_rivers_micro_d, chequers_serial_rivers_micro_b,
          chequers_serial_rivers_micro_c, basic_altar, minmay_worlds_worst_comb,
          uniq_jessica
D:3:      layout_basic, fedhas_altar_3
D:4:      layout_gridville, minmay_temple_entry_glass, st_stairs_7
D:5:      layout_loops_cross, uniq_sigmund, uniq_menkaure, uniq_grinder

Skill      XL: |  1  2  3  4  5  6  7  8 |
---------------+-------------------------+-----
Axes           | 4 5 6 7 9 11 12 | 12.2
Stealth        | 1 2 |  2.3
Fighting       | |  3.6
Armour         | |  2.4
Dodging        | |  2.1

Action                   |  1- 3 |  4- 6 |  7- 9 || total
-------------------------+-------+-------+-------++-------
Melee: Hand axe          |    86 |   109 |   112 ||   307
       Headbutt          |    18 |    21 |    21 ||    60
Invok: Trog's Hand       |     1 |     2 |     4 ||     7
  Use: Scroll            |     3 |     2 |     1 ||     6
Armor: Animal skin       |     5 |       |       ||     5
       Ring mail         |    15 |     4 |       ||    19
       Scale mail        |       |    12 |       ||    12
       Plate armour      |       |    31 |    83 ||   114
Dodge: Dodged            |    47 |    54 |    35 ||   136
